 Dungeon Crawl Stone Soup version 0.31-a0-879-g1609e0ac53 (webtiles) character file.

Game seed: 8467288472756231062

88 Kurtz the Sneak (level 4, -2/42 HPs)
             Began as a Naga Delver on Oct 14, 2023.
             Slain by Sigmund
             ... wielding a +0 scythe
              (10 damage)
             ... on level 3 of the Dungeon.
             The game lasted 00:03:06 (2526 turns).

Kurtz the Sneak (Naga Delver)                       Turns: 2526, Time: 00:03:07

Health: -2/42      AC:  2    Str: 17    XL:     4   Next: 54%
Magic:  4/4        EV:  9    Int: 10    God:
Gold:   143        SH:  0    Dex: 12    Spells: 3/3 levels left

rFire   . . .        a - +0 hand axe
rCold   . . .        o - +0 buckler
rNeg    . . .        b - +0 leather armour
rPois   +            (no helmet)
rElec   .            (no cloak)
rCorr   .            (no gloves)
SInv    +            (no barding)
Will    .....        (no amulet)
Stlth   +            (no ring)
HPRegen 0.27/turn    (no ring)
MPRegen 0.09/turn

%: no passive effects
@: confused, very slow
A: AC +1, large, see invisible, deformed body, poison resistance, slowness 2,
spit poison 1, naga tail 1
a: Spit Poison


You were on level 3 of the Dungeon.
You visited 1 branch of the dungeon, and saw 5 of its levels.

You collected 143 gold pieces.

Inventory:

Hand Weapons
 a - a +0 hand axe (weapon)
Missiles
 i - 2 poisoned darts
 j - 5 javelins
Armour
 b - a +0 leather armour (worn)
 m - a +0 kite shield
 o - a +0 buckler (worn)
 u - a +0 tower shield
Wands
 g - a wand of digging (3)
Scrolls
 c - a scroll of fog
 d - a scroll of revelation
 k - a scroll of immolation {unknown}
 r - a scroll of poison {unknown}
 s - a scroll of enchant armour {unknown}
Potions
 f - 2 potions of haste
 h - 3 potions of curing {unknown}
 l - a potion of lignification {unknown}
 n - a potion of invisibility {unknown}
 p - a potion of mutation {unknown}
 q - 3 potions of berserk rage {unknown}
 t - a potion of magic {unknown}


   Skills:
 - Level 3.0 Fighting
 * Level 4.4 Axes
 - Level 1.5 Dodging
 - Level 7.2 Stealth
 * Level 1.0 Shields


You had 3 spell levels left.
You didn't know any spells.
Your spell library contained the following spells:

 Spells                   Type           Power      Damage    Failure   Level
 Apportation              Tloc           0%         N/A       52%         1
 Necrotise                Necr           0%         1d4       52%         1
 Sting                    Tmut/Pois      0%         1d3       52%         1
 Summon Small Mammal      Summ           0%         N/A       52%         1
 Poisonous Vapours        Pois/Air       0%         N/A       67%         2
 Olgreb's Toxic Radiance  Pois           0%         N/A       99%         4


Dungeon Overview and Level Annotations

Branches:
Dungeon (5/15)
 Temple: D:4-7

Altars:

Shops:
D:1 :

Annotations:
D:3 Ijyb, Sigmund


Innate Abilities, Weirdness & Mutations

Your serpentine skin is tough. (AC +1)
You have supernaturally acute eyesight. (SInv)
Armour fits poorly on your strangely shaped body.
Your system is resistant to poisons. (rPois)
You cover ground very slowly.
You can spit poison.
You have a snake-like lower body.


Message History

You slash the orc!
You kill the orc!
Things that are here:
a +0 short sword; an orc corpse You hit the hobgoblin but do no damage.
The hobgoblin hits you but does no damage.
You closely miss the hobgoblin. The hobgoblin closely misses you.
You hit the hobgoblin.
The hobgoblin is heavily wounded.
The hobgoblin hits you.
You hit the hobgoblin.
You kill the hobgoblin!
No target in view!
You now have 143 gold pieces (gained 5).
You see here a hobgoblin corpse.
You open the door. As you open the door, it creaks loudly!
Key pressed, stopping explore.
No target in view!
No target in view!
Sigmund the Dreaded comes into view.
He is wielding a +0 scythe.
Sigmund is nearby!
Found a metallic red potion.
Ijyb the Twisted Goblin comes into view.
She is wielding a +1 dagger of speed and carrying a wand of mindburst.
Ijyb shouts!
Sigmund shouts!
Ijyb zaps a wand.
Your mind is blasted!
Ijyb zaps a wand.
Your mind is blasted!
Ijyb zaps a wand.
Your mind is blasted!
* * * LOW HITPOINT WARNING * * *
As you read the scroll of fear, it crumbles to dust.
You assume a fearsome visage.
Ijyb looks frightened!
Sigmund looks frightened!
Sigmund mumbles some strange words.
Sigmund flickers and vanishes for a moment.
Sigmund casts a spell at you.
You are confused.
Sigmund hits you but does no damage.
You bump into the rock wall.
Sigmund hits you from afar with a +0 scythe!
You die...
Sigmund begins carving another notch in his scythe.

#..........##........####
#..........##........'..#
#..........##........####
#..........##........####
#!.........##...........# #####
#.######.#.##...........# ....#
# #.#@#####+#.##>### ###.#
..#.# #.#.##.# #.##
####@#####.#..#.# #..#
#..........#.###
######################........#
..........................#.###
#########################.#...#
#.##### #.# #.# #.#


You could see Sigmund (invisible).

Vanquished Creatures
  A gnoll (D:5)
  A worm (D:3)
  A dart slug (D:1)
  2 orcs
  5 ball pythons
  4 bats
  9 endoplasms
  2 giant cockroaches (D:1)
  A goblin (D:1)
  10 hobgoblins
  4 jackals
  8 kobolds
  3 quokkas
  3 frilled lizards
  8 rats
62 creatures vanquished.

Notes
Turn   | Place    | Note
-------+----------+-------------------------------------------
     0 | D:5      | Kurtz the Naga Delver began the quest for the Orb.
     0 | D:5      | Reached XP level 1. HP: 21/21 MP: 1/1
    25 | D:5      | Reached XP level 2. HP: 14/28 MP: 2/2
   424 | D:2      | Reached XP level 3. HP: 10/34 MP: 3/3
   732 | D:1      | Found a faded altar of an unknown god.
   790 | D:1      | Found Oseviw's Book Emporium.
  1205 | D:1      | Reached XP level 4. HP: 34/42 MP: 4/4
  1612 | D:2      | Reached skill level 1 in Shields
  2513 | D:3      | Noticed Sigmund
  2515 | D:3      | Noticed Ijyb
  2526 | D:3      | Slain by Sigmund

Illustrated notes

Levels and vault maps discovered:
D:1:      minmay_arrival_four_loops, layout_loops_ring, serial_shops, shop,
          ebering_ecumenical_altar_abandoned, chequers_garden
D:2:      layout_rooms, dk_vineyard_3
D:3:      layout_basic, glass_columns_a, uniq_ijyb, uniq_sigmund,
          uniq_crazy_yiuf_cottage
D:4:      layout_basic
D:5:      layout_cave_pools, minitemple, nrook_mini_backslash,
          hangedman_decor_opposing, minivault_19, minmay_puff

Skill      XL: |  1  2  3  4 |
---------------+-------------+-----
Axes           | 3 4 |  4.4
Shields        | 1 |  1.0
Fighting       | |  3.0
Dodging        | |  1.5
Stealth        | |  7.2

Action                     |  1- 3 |  4- 6 || total
---------------------------+-------+-------++-------
  Melee: Hand axe          |   117 |    71 ||   188
Ability: Spit Poison       |     3 |     1 ||     4
    Use: Scroll            |       |     1 ||     1
   Stab: Sleeping          |     6 |    11 ||    17
         Distracted        |     1 |       ||     1
 Armour: Leather armour    |    91 |    36 ||   127
  Dodge: Dodged            |    74 |    21 ||    95
  Block: Buckler           |       |     5 ||     5

Table legend: (Time is in decaauts)
 A = Elapsed time spent in this place.
 B = Non-inter-level travel time spent in this place.
 C = Inter-level travel time spent in this place.
 D = Time resting spent in this place.
 E = Time spent auto-exploring this place.
 F = Levels seen in this place.
 G = Mean time per level.
                   A        B        C        D        E       F      G
               +--------+--------+--------+--------+--------+-----+--------+
         Total |   3220 |   3071 |    149 |    438 |   1845 |   5 |  644.0 |
       Dungeon |   3220 |   3071 |    149 |    438 |   1845 |   5 |  644.0 |
               +--------+--------+--------+--------+--------+-----+--------+

Top non-repeatable levels by time:
     D:1: 1167 daAuts
     D:2: 988 daAuts
     D:3: 617 daAuts
     D:4: 356 daAuts
     D:5: 90 daAuts
